 Dungeon Crawl Stone Soup version 0.24-a0-93-ge1bfdf8 (webtiles) character file.

Game seed: 16880697295858644356

9761 KristoblXynda the Carver (level 11, 0/95 HPs)
             Began as a Pale Draconian Gladiator on Feb 11, 2019.
             Was a Believer of Ashenzari.
             Killed from afar by a white imp (2 damage)
             ... with a puff of frost
             ... on level 11 of the Dungeon.
             The game lasted 00:23:59 (13663 turns).

KristoblXynda the Carver (DrGl)                    Turns: 13663, Time: 00:24:00

Health: 0/95       AC: 12    Str: 17    XL:     11   Next: 27%
Magic:  12/12      EV: 18    Int: 11    God:    Ashenzari [**....]
Gold:   465        SH:  3    Dex: 13    Spells: 10/10 levels left

rFire    . . .     SeeInvis .   y - +1 scimitar (flame) (curse)
rCold    . . .     Gourm    +   v - +0 buckler
rNeg     . . .     Faith    .   (armour unavailable)
rPois    .         Spirit   .   b - +0 hat
rElec    .         Reflect  .   h - +0 cloak {+Inv} (curse)
rCorr    .         Harm     .   F - +0 pair of gloves (curse)
MR       .....                  D - +2 pair of boots {Fly} (curse)
Stlth    ++........             n - amulet of the gourmand
HPRegen  0.25/turn              A - ring of stealth
MPRegen  0.13/turn              (no ring)

@: flying
A: breathe steam, unfitting armour, cold-blooded, AC +7
a: Breathe Steam, Curse Item, Scrying, Renounce Religion, Evoke Invisibility,
Stop Flying


You were on level 11 of the Dungeon.
You worshipped Ashenzari.
Ashenzari was pleased with you.
You were very full.

You visited 3 branches of the dungeon, and saw 13 of its levels.

You collected 465 gold pieces.

Inventory:

Hand Weapons
 y - a cursed +1 scimitar of flaming (weapon)
Missiles
 c - 2 throwing nets (quivered)
Armour
 b - a +0 hat (worn)
 h - a cursed +0 cloak of invisibility (worn)
 v - a +0 buckler (worn)
 D - a cursed +2 pair of boots of flying (worn)
 F - a cursed +0 pair of gloves (worn)
Jewellery
 n - an amulet of the gourmand (around neck)
 A - a ring of stealth (left hand)
Wands
 a - a wand of iceblast (7)
 x - a wand of acid (6)
 C - a wand of disintegration (13)
Scrolls
 g - a scroll of fear
 k - 5 scrolls of remove curse
 l - 4 scrolls of teleportation
 m - a scroll of enchant weapon
 o - a scroll of amnesia
 q - a scroll of fog
 r - 2 scrolls of blinking
 s - 2 scrolls of immolation
Potions
 e - 2 potions of might
 i - 2 potions of agility
 j - a potion of magic
 p - a potion of ambrosia
 t - a potion of flight {unknown}
 u - a potion of invisibility {unknown}
 w - a potion of berserk rage
 z - 4 potions of curing
 B - 2 potions of mutation
Comestibles
 d - 21 rations


   Skills:
 + Level 8.4 Fighting
 + Level 12.4(14.4) Long Blades
 - Level 2.0 Throwing
 + Level 9.7(11.1) Dodging
 + Level 2.4 Evocations


You had 10 spell levels left.
You didn't know any spells.
Your spell library contained the following spells:

 Spells                   Type           Power        Failure   Level  Hunger
 Magic Dart               Conj           #...         52%         1    ##.....
 Blink                    Tloc           N/A          65%         2    ###....
 Call Imp                 Summ           #.......     65%         2    ###....
 Slow                     Hex            #.......     65%         2    ###....
 Conjure Flame            Conj/Fire      #.......     87%         3    ####...
 Mephitic Cloud           Conj/Pois/Air  #.......     87%         3    ####...


Dungeon Overview and Level Annotations

Branches:
Dungeon (11/15)            Temple (1/1) D:6            Lair (1/6) D:8
    Orc: D:9-12

Altars:
Ashenzari
Cheibriados
Dithmenos
Elyvilon
Fedhas
Gozag
Hepliaklqana
Kikubaaqudgha
Makhleb
Nemelex Xobeh
Okawaru
Qazlal
Ru
Sif Muna
Trog
Uskayaw
Vehumet
Wu Jian
Xom
Yredelemnul
Zin
The Shining One
Beogh

Portals:
Ice
Cave: D:11

Annotations:
D:5 Eustachio


Innate Abilities, Weirdness & Mutations

You can breathe blasts of scalding, opaque steam.
Your pale cyan-grey scales are hard. (AC +7)
You cannot fit into any form of body armour.
You are cold-blooded and may be slowed by cold attacks.


Message History

You kill the white imp!
Something shouts, "Back with thee, thou baffled full-gorged Cock-Lorel!"
You closely miss the white imp.
The white imp is lightly wounded.
The white imp barely misses you.
You barely miss the white imp.
The white imp is lightly wounded.
The white imp barely misses you. The white imp gestures at you.
The puff of frost hits you but does no damage.
You barely miss the white imp.
Your tail-slap misses the white imp.
You slash the white imp! You burn the white imp.
The white imp is almost dead.
You have got your breath back.
The white imp gestures at you. The puff of frost hits you!
* * * LOW HITPOINT WARNING * * *
The white imp gestures at you. The puff of frost hits you.
You die...

### .# *
..################.###
..................>..#
*
#.#.#############....#
#.#.# #.......# *
#.#.# #.....$## ,
#.#.# #......# *
#.#.#**#### #......#
#.#.# .i..####.5@...#
#.#.#.....#...55#####
* * *
#..†..........†.{# ,
###.#.....#......# , *
#.#...###..5...# * #.#
..# #......# , #.# ..#
#......# ,...
......∩...# #.#
........... ,*


You could see 4 white imps.

Vanquished Creatures
  Erica (D:8)
  A centaur warrior (D:11)
  A two-headed ogre (D:9)
  Maurice (D:8)
  A troll (D:10)
  A hornet (D:9)
  Prince Ribbit (D:8)
  A hippogriff (D:8)
  A shadow (D:11)
  A spriggan (shapeshifter) (D:11)
  A yak (D:8)
  A basilisk (D:7)
  A steam dragon (D:9)
  Menkaure (D:4)
  2 soldier ants (D:9)
  A water moccasin (D:8)
  2 orc warriors
  4 porcupines (D:8)
  3 ice beasts
  4 black bears
  2 sky beasts
  6 phantoms
  3 ogres
  A necrophage (D:10)
  An eye of draining (D:10)
  10 centaurs
  A crocodile (D:8)
  A big kobold (D:9)
  10 bullfrogs
  2 scorpions
  A howler monkey (D:7)
  3 centaur zombies
  3 crimson imps
  3 bullfrog zombies
  Crazy Yiuf (D:2)
  3 hounds
  5 orc priests
  A jelly (D:10)
  8 orc wizards
  A bullfrog skeleton (D:11)
  2 centaur skeletons
  2 iguanas (D:6)
  8 worker ants
  2 hound skeletons (D:5)
  2 hound zombies
  A worker ant zombie (D:9)
  11 adders
  2 shadow imps
  5 white imps (D:11)
  2 oozes
  An adder skeleton (D:8)
  5 adder zombies
  3 worms
  2 dart slugs
  2 leopard geckos
  47 orcs
  2 ball pythons
  10 bats
  4 giant cockroaches
  5 hobgoblins
  18 jackals
  6 quokkas
  A ball python skeleton (D:5)
  7 frilled lizards
  A giant cockroach zombie (D:5)
  4 goblins
  10 kobolds
  A leopard gecko zombie (D:6)
  2 quokka skeletons
  4 rats
268 creatures vanquished.

Vanquished Creatures (others)
  40 fungi (D:8)
  3 plants (D:8)
43 creatures vanquished.

Grand Total: 311 creatures vanquished

Notes
Turn   | Place    | Note
-------+----------+-------------------------------------------
     0 | D:1      | KristoblXynda the Draconian Gladiator began the quest for
                  | the Orb.
     0 | D:1      | Reached XP level 1. HP: 17/17 MP: 1/1
   111 | D:1      | Reached XP level 2. HP: 13/24 MP: 2/2
   575 | D:1      | Reached XP level 3. HP: 29/29 MP: 3/3
   771 | D:2      | Reached skill level 4 in Long Blades
  1073 | D:2      | Found a glowing golden altar of the Shining One.
  1189 | D:2      | Reached XP level 4. HP: 29/36 MP: 4/4
  1279 | D:2      | Found a runed translucent door.
  1280 | D:2      | Noticed Crazy Yiuf
  1294 | D:2      | Killed Crazy Yiuf
  1685 | D:2      | Found a snail-covered altar of Cheibriados.
  1864 | D:3      | Reached skill level 5 in Long Blades
  1864 | D:3      | Reached XP level 5. HP: 29/41 MP: 5/5
  2198 | D:3      | Found a bloodstained altar of Trog.
  3041 | D:3      | You fall through a shaft for 2 floors!
  3041 | D:5      | Entered Level 5 of the Dungeon
  3255 | D:5      | Noticed a sky beast
  3263 | D:5      | Killed a sky beast
  3263 | D:5      | Reached skill level 6 in Long Blades
  3263 | D:5      | Reached XP level 6. HP: 21/48 MP: 6/6
  3798 | D:5      | Found a shattered altar of Ashenzari.
  3810 | D:5      | Became a worshipper of Ashenzari the Shackled
  3856 | D:5      | Noticed Eustachio
  4583 | D:4      | Your scales start taking on a pale cyan-grey colour.
  4583 | D:4      | Reached XP level 7. HP: 44/55 MP: 7/7
  4704 | D:4      | Reached skill level 7 in Long Blades
  4939 | D:4      | Noticed Menkaure
  4946 | D:4      | Killed Menkaure
  4946 | D:4      | Reached skill level 5 in Dodging
  5203 | D:4      | Reached * piety under Ashenzari
  5694 | D:3      | Found a glowing silver altar of Zin.
  5695 | D:3      | Found a stormy altar of Qazlal.
  5920 | D:6      | HP: 2/55 [bullfrog (5)]
  5920 | D:6      | Reached skill level 8 in Long Blades
  5923 | D:6      | Reached XP level 8. HP: 3/61 MP: 8/8
  6365 | D:6      | Found an iron altar of Okawaru.
  6940 | D:6      | Found a staircase to the Ecumenical Temple.
  7300 | Temple   | Entered the Ecumenical Temple
  7559 | D:7      | Reached skill level 9 in Long Blades
  8073 | D:7      | Reached skill level 10 in Long Blades
  8101 | D:7      | Found a hazy altar of Hepliaklqana.
  8116 | D:7      | Reached XP level 9. HP: 18/67 MP: 9/9
  8469 | D:7      | Found a radiant altar of Vehumet.
  9129 | D:8      | HP: 5/106 [hippogriff (2)]
  9134 | D:8      | HP: 5/106 [black bear (2)]
  9134 | D:8      | HP: 2/106 [black bear (3)]
  9155 | D:8      | HP: 2/108 [bullfrog (4)]
  9196 | D:8      | HP: 3/72 [worker ant (7)]
  9627 | D:8      | Reached skill level 11 in Long Blades
  9733 | D:8      | Reached skill level 5 in Fighting
  9742 | D:8      | Found a staircase to the Lair.
 10107 | D:8      | Reached XP level 10. HP: 81/81 MP: 10/10
 10140 | D:8      | Noticed Erica
 10154 | D:8      | Killed Erica
 10173 | D:8      | Noticed Prince Ribbit
 10174 | D:8      | Noticed Maurice
 10184 | D:8      | Killed Prince Ribbit
 10468 | D:8      | Killed Maurice
 11048 | Lair:1   | Entered Level 1 of the Lair of Beasts
 11436 | D:9      | Found an ornate altar of the Wu Jian Council.
 11451 | D:9      | Found a snail-covered altar of Cheibriados.
 11586 | D:9      | Noticed a two-headed ogre
 11594 | D:9      | Killed a two-headed ogre
 11606 | D:9      | Paralysed by a hornet for 3 turns
 11612 | D:9      | Reached skill level 12 in Long Blades
 12039 | D:9      | Found a roughly hewn altar of Beogh.
 12191 | D:10     | Entered Level 10 of the Dungeon
 12386 | D:10     | Reached XP level 11. HP: 94/94 MP: 11/11
 13129 | D:10     | Identified a scroll of acquirement
 13165 | D:10     | Reached skill level 1 in Evocations
 13333 | D:11     | Reached ** piety under Ashenzari
 13394 | D:11     | Noticed a centaur warrior
 13396 | D:11     | Found a blossoming altar of Fedhas.
 13410 | D:11     | Killed a centaur warrior
 13647 | D:11     | Found a frozen archway.
 13663 | D:11     | HP: 2/95 [white imp/puff of frost (10)]
 13663 | D:11     | Killed from afar by a white imp

Levels and vault maps discovered:
D:1:      dpeg_arrival_court, layout_loops_ring, minmay_misc_feat_roman
D:2:      layout_rooms, marbit_many_paths, lemuel_coloured_pillars_altar,
          minmay_misc_feat_secret_circle, uniq_crazy_yiuf_cottage
D:3:      layout_basic, lemuel_crystal_altar, gammafunk_temple_overflow_statue
D:4:      layout_gridville, uniq_menkaure
D:5:      layout_rooms, cheibrodos_ashenzari_chains, first_ration,
          serial_undead, serial_undead_f, serial_undead_c, serial_undead_e,
          serial_undead_b, supply_closet_lemuel, uniq_eustachio
D:6:      layout_basic, okawaru_ov_weapons_minmay, temple_statues
D:7:      layout_basic, nicolae_overflow_crystal_walls,
          overflow_temple_1_default
D:8:      layout_basic, due_lair_maze_entry_diamond, uniq_erica, uniq_maurice,
          uniq_prince_ribbit1
D:9:      layout_roguey [special_room_orc], overflow_temple_1_default,
          hangedman_pestilent_swarm, cheibriados_altar_1
D:10:     layout_stronghold, hex_large
D:11:     layout_basic, portal_ice_cave_entry_imps, basic_altar,
          roderic_lattice_a, bh_chokoban
Temple:   minmay_temple_bridge_abc
Lair:1:   layout_regular_city, infiniplex_staircase_pool, uniq_joseph, uniq_grum

Skill      XL: |  1  2  3  4  5  6  7  8  9 10 11 |
---------------+----------------------------------+-----
Throwing       | 2 |  2.0
Dodging        | 3 4 5 6 8 9 |  9.7
Long Blades    | 4 5 6 8 10 11 12 | 12.4
Fighting       | 5 7 8 |  8.4
Evocations     | 2 |  2.4

Action                   |  1- 3 |  4- 6 |  7- 9 | 10-12 || total
-------------------------+-------+-------+-------+-------++-------
Melee: Long sword        |   116 |   210 |   380 |    11 ||   717
       Tailslap          |    10 |    34 |    50 |    42 ||   136
       Scimitar          |       |       |       |   267 ||   267
Throw: Throwing net      |       |       |       |     1 ||     1
Invok: Curse Item        |       |       |       |     3 ||     3
       Scrying           |       |       |       |     1 ||     1
 Abil: Breathe Steam     |       |       |     5 |     9 ||    14
Evoke: Wand              |       |       |       |     3 ||     3
  Use: Potion            |       |     5 |     3 |     2 ||    10
       Scroll            |       |     8 |    10 |     5 ||    23
 Stab: Sleeping          |     2 |     5 |       |     2 ||     9
       Held in net/web   |       |       |       |     1 ||     1
  Eat: Chunk             |     1 |     8 |    24 |    10 ||    43
       Ration            |       |     2 |       |       ||     2
Armor: Skin              |    49 |   128 |   153 |    68 ||   398
Dodge: Dodged            |   113 |   270 |   230 |   240 ||   853
Block: Buckler           |       |       |       |    31 ||    31
       Rpst.: Long sword |    39 |    72 |    69 |     1 ||   181
       Scimitar          |       |       |       |    58 ||    58

Table legend:
 A = Non-vault XP
 B = Vault XP
 C = Vault XP percentage of total XP
 D = Non-vault monster count
 E = Vault monster count
 F = Vault count percentage of total count
                 A         B        C        D         E       F
            +---------+---------+-------+---------+---------+-------
      Total |    9464 |    4481 |  32.1 |     208 |      60 |  22.4
            +---------+---------+-------+---------+---------+-------
        D:1 |      47 |       0 |   0.0 |      27 |       0 |   0.0
        D:2 |      63 |      44 |  41.1 |      21 |       2 |   8.7
        D:3 |     151 |       0 |   0.0 |      21 |       0 |   0.0
        D:4 |     246 |     172 |  41.1 |       9 |       1 |  10.0
        D:5 |     292 |     122 |  29.5 |       7 |       7 |  50.0
        D:6 |     758 |       0 |   0.0 |      19 |       0 |   0.0
        D:7 |    1284 |       0 |   0.0 |      20 |       0 |   0.0
        D:8 |    1368 |    3137 |  69.6 |      29 |      15 |  34.1
        D:9 |    2129 |     955 |  31.0 |      27 |      30 |  52.6
       D:10 |    1080 |       0 |   0.0 |      15 |       0 |   0.0
       D:11 |    2046 |      51 |   2.4 |      13 |       5 |  27.8
            +---------+---------+-------+---------+---------+-------
